 Dungeon Crawl Stone Soup version 0.24-a0-535-gbb0d440638 (webtiles) character file.

Game seed: 14702694931588915983

8509 GordonOverkill the Arsonist (level 11, -12/78 (79) HPs)
             Began as a Barachi Fire Elementalist on Aug 10, 2019.
             Was a Priest of Sif Muna.
             Mangled by a two-headed ogre
             ... wielding a +0 giant spiked club
              (20 damage)
             ... on level 10 of the Dungeon.
             The game lasted 00:36:30 (15496 turns).

GordonOverkill the Arsonist (BaFE)                 Turns: 15496, Time: 00:36:31

HP:   -12/78 (79)   AC: 11    Str: 10    XL:     11   Next: 32%
MP:   14/23         EV: 12    Int: 23    God:    Sif Muna [***...]
Gold: 764           SH:  0    Dex: 13    Spells: 14/27 levels left

rFire    + . .     SeeInvis .   b - +2 dagger (elec)
rCold    . . .     Gourm    .   (no shield)
rNeg     + . .     Faith    .   w - +3 leather armour {rF+}
rPois    .         Spirit   .   (no helmet)
rElec    .         Reflect  .   q - +0 cloak "Riytor" {rN+ rCorr} (curse)
rCorr    +         Harm     .   (no gloves)
MR       .....                  H - +2 pair of boots {Stlth+}
Stlth    +++.......             (no amulet)
HPRegen  0.23/turn              A - +5 ring of intelligence
MPRegen  0.18/turn              (no ring)

@: slow
A: +LOS, swims, slowness 1, strong legs 1
a: Hop, Channel Magic, Forget Spell, Renounce Religion


You were on level 10 of the Dungeon.
You worshipped Sif Muna.
Sif Muna was most pleased with you.
You were very hungry.

You visited 2 branches of the dungeon, and saw 12 of its levels.
You also visited: Bailey.

You collected 1030 gold pieces.
You spent 266 gold pieces at shops.

Inventory:

Hand Weapons
 a - a +1 hunting sling
 b - a +2 dagger of electrocution (weapon)
Missiles
 h - 196 stones
 o - 64 boomerangs (quivered)
 B - 50 sling bullets
 E - 3 boomerangs of dispersal
 J - a throwing net
Armour
 q - the cursed +0 cloak "Riytor" (worn) {rN+ rCorr}
   (You found it on level 5 of the Dungeon)

   It protects you from negative energy.
   It provides partial protection from all sources of acid and corrosion.
   It has a curse placed upon it.
 w - a +3 leather armour of fire resistance (worn)
 F - a +2 leather armour of poison resistance
 H - a +2 pair of boots of stealth (worn)
Jewellery
 A - a +5 ring of intelligence (left hand)
Wands
 l - a wand of acid (22)
Scrolls
 d - 5 scrolls of magic mapping
 f - a scroll of enchant weapon
 g - a scroll of fog
 k - 8 scrolls of remove curse
 n - 4 scrolls of teleportation
 u - a scroll of immolation
 y - a scroll of fear
Potions
 e - a potion of brilliance
 i - 2 potions of cancellation
 j - a potion of berserk rage
 m - a potion of resistance
 p - 3 potions of ambrosia
 r - 2 potions of curing
 t - 6 potions of flight
 v - 2 potions of agility
 x - a potion of might
 z - 4 potions of haste
Miscellaneous
 I - a fan of gales
Comestibles
 c - 20 rations


   Skills:
 + Level 5.1 Fighting
 - Level 5.0 Armour
 - Level 3.0 Dodging
 - Level 2.0 Stealth
 + Level 8.6 Spellcasting
 - Level 8.0 Conjurations
 + Level 10.4 Fire Magic
 - Level 4.0 Invocations
 - Level 6.0 Evocations


You had 14 spell levels left.
You knew the following spells:

 Your Spells              Type           Power        Failure   Level  Hunger
a - Flame Tongue          Conj/Fire      #####        1%          1    None
b - Conjure Flame         Conj/Fire      ######..     1%          3    None
c - Sticky Flame          Conj/Fire      ######..     1%          4    ##.....
d - Fireball              Conj/Fire      ######....   5%          5    #####..

Your spell library contained the following spells:

 Spells                   Type           Power        Failure   Level  Hunger
 Throw Flame              Conj/Fire      ######       1%          2    None
 Inner Flame              Hex/Fire       ####....     3%          3    None
 Corona                   Hex            #......      9%          1    None
 Slow                     Hex            #.......     13%         2    None
 Portal Projectile        Hex/Tloc       #.....       26%         3    None
 Cause Fear               Hex            #.........   65%         4    ##.....
 Leda's Liquefaction      Hex/Erth       #.........   65%         4    ##.....


Dungeon Overview and Level Annotations

Branches:
Dungeon (11/15)            Temple (1/1) D:5            Lair (0/6) D:10
    Orc (0/2) D:9

Altars:
Ashenzari
Cheibriados
Dithmenos
Elyvilon
Fedhas
Gozag
Hepliaklqana
Kikubaaqudgha
Makhleb
Nemelex Xobeh
Okawaru
Qazlal
Ru
Sif Muna
Trog
Uskayaw
Vehumet
Wu Jian
Xom
Yredelemnul
Zin
The Shining One

Shops:
D:7 *   D:10 ([?*(

Annotations:
D:5 3 runed translucent doors, soark's ghost, amateur DsFi
D:7 2 transporters, anet's ghost, novice DEWz
D:9 3 runed translucent doors, Thantalas's ghost, novice MiFi


Innate Abilities, Weirdness & Mutations

Shadows flee at your approach. (+LOS)
You can swim through water.
You cover ground slowly.
You can hop short distances.


Message History

Aim: a hound The sticky flame hits the hound.
The hound is moderately wounded.
The hound is covered in liquid flames!
You are feeling very hungry.
The hound burns!
The hound barely misses you. The hound closely misses you.
The hound burns! x2
You kill the hound!
Sif Muna accepts your kill.
The two-headed ogre hits you with a +0 giant spiked club!!
The two-headed ogre misses you.
The two-headed ogre hits you with a +0 giant spiked club!
The two-headed ogre hits you with a +0 giant club!!
* * * LOW HITPOINT WARNING * * *
As you read the scroll of fear, it crumbles to dust.
You assume a fearsome visage.
The two-headed ogre resists with some effort.
The two-headed ogre hits you but does no damage.
The two-headed ogre hits you with a +0 giant club!!
You die...

.#...##.....# #.#.##.####.#
.#...##.....# #.#.<#...##.#
##...############.#..#.#.##.#
...............##.#..#.#.##.#
......########.##.....∩..##.#
......#
####.###...#.####.#####
##....# #....# #...#.#
#...... ......#
#....###...#.# #######
......# #....O@....#.#
...#'######...####..##.#
...+∩'....'............#
####'#..###...#####.#######
..........#...#
#>......#######
.......##.#...#
#.†............
.......##.#...#
#.......#....##
.......##.#...#
#......###.....
.......##.#...#
#..##..###..##.


You could see a two-headed ogre.

Vanquished Creatures
  A two-headed ogre (D:10)
  An orc knight (Bailey)
  A deep elf mage (D:10)
  A komodo dragon (D:10)
  A troll (D:9)
  A merfolk (D:10)
  2 hippogriffs
  Sigmund (D:5)
  4 yaks
  Eustachio (D:5)
  A human (D:10)
  A water moccasin (D:10)
  Duvessa (D:7)
  11 orc warriors
  4 sky beasts
  An ice beast (D:9)
  2 phantoms
  2 necrophages
  A centaur (D:6)
  An eye of draining (D:10)
  4 ogres
  5 bullfrogs
  Dowan (D:7)
  A scorpion (D:8)
  8 killer bees
  4 wights (D:8)
  3 crimson imps
  3 bullfrog zombies
  A quasit (D:4)
  7 hounds
  6 orc priests
  2 bullfrog skeletons
  7 orc wizards
  A centaur skeleton (D:4)
  3 iguanas
  Jessica (D:9)
  6 worker ants
  A gnoll (Bailey)
  15 adders
  A shadow imp (D:11)
  An ooze (D:3)
  An adder skeleton (D:4)
  3 worms
  2 dart slugs
  5 leopard geckos
  34 orcs
  4 bats
  5 giant cockroaches
  11 goblins
  6 hobgoblins
  9 jackals
  A quokka (D:10)
  A ball python (D:1)
  6 frilled lizards
  20 kobolds
  A leopard gecko zombie (D:7)
  A quokka zombie (D:5)
  9 rats
239 creatures vanquished.

Vanquished Creatures (others)
  4 plants
4 creatures vanquished.

Grand Total: 243 creatures vanquished

Notes
Turn   | Place    | Note
-------+----------+-------------------------------------------
     0 | D:1      | GordonOverkill the Barachi Fire Elementalist began the
                  | quest for the Orb.
     0 | D:1      | Reached XP level 1. HP: 13/13 MP: 3/3
   290 | D:1      | Reached XP level 2. HP: 16/19 MP: 0/5
  1034 | D:1      | Reached XP level 3. HP: 24/24 MP: 3/6
  1493 | D:2      | Learned a level 3 spell: Conjure Flame
  1921 | D:2      | Found a bloodstained altar of Trog.
  2224 | D:3      | Reached XP level 4. HP: 29/30 MP: 0/8
  2466 | D:3      | Reached skill level 4 in Fire Magic
  2586 | D:3      | Learned a level 4 spell: Sticky Flame
  2752 | D:3      | Reached XP level 5. HP: 20/35 MP: 0/9
  3116 | D:3      | Found a blossoming altar of Fedhas.
  3116 | D:3      | Found a snail-covered altar of Cheibriados.
  3818 | D:4      | Reached XP level 6. HP: 35/41 MP: 1/11
  4129 | D:4      | Reached skill level 5 in Fire Magic
  4976 | D:5      | Entered Level 5 of the Dungeon
  4990 | D:5      | Found a runed translucent gate.
  4991 | D:5      | Found a runed translucent gate.
  4991 | D:5      | Noticed soark's ghost (amateur DsFi)
  4998 | D:5      | Found a runed translucent gate.
  5006 | D:5      | Reached XP level 7. HP: 46/46 MP: 7/13
  5139 | D:5      | Got a faintly humming cloak
  5145 | D:5      | Identified the cursed +0 cloak "Riytor" {rN+ rCorr} (You
                  | found it on level 5 of the Dungeon)
  5205 | D:5      | Noticed a hippogriff
  5212 | D:5      | Killed a hippogriff
  5488 | D:5      | Noticed Eustachio
  5519 | D:5      | Reached skill level 1 in Evocations
  5751 | D:5      | Killed Eustachio
  5751 | D:5      | Reached XP level 8. HP: 32/52 MP: 6/15
  5925 | D:5      | Noticed Sigmund
  5948 | D:5      | Killed Sigmund
  5948 | D:5      | Reached skill level 1 in Armour
  5948 | D:5      | Reached skill level 5 in Spellcasting
  6387 | D:5      | Found a staircase to the Ecumenical Temple.
  6393 | Temple   | Entered the Ecumenical Temple
  6726 | Temple   | Became a worshipper of Sif Muna the Loreminder
  7007 | D:6      | Noticed a yak
  7007 | D:6      | Noticed a yak
  7019 | D:6      | Killed a yak
  7085 | D:6      | Noticed a yak
  7086 | D:6      | Noticed a yak
  7087 | D:6      | Killed a yak
  7210 | D:5      | Killed a yak
  7210 | D:5      | Reached skill level 5 in Evocations
  7218 | D:5      | Killed a yak
  7218 | D:5      | Reached XP level 9. HP: 12/57 MP: 2/16
  7690 | D:6      | Reached skill level 5 in Armour
  7799 | D:6      | Found an ancient bone altar of Kikubaaqudgha.
  7837 | D:6      | Found an iron altar of Okawaru.
  8323 | D:6      | Found a basalt altar of Yredelemnul.
  8698 | D:7      | Found Gozag's Platinum Reserve.
  8700 | D:7      | Noticed Dowan
  8707 | D:7      | Found an opulent altar of Gozag.
  8707 | D:7      | Noticed Duvessa
  8715 | D:7      | Killed Duvessa
  8723 | D:7      | Killed Dowan
  8835 | D:7      | Noticed anet's ghost (novice DEWz)
  8897 | D:7      | Reached skill level 1 in Fighting
  9012 | D:7      | Found a hide-covered altar of Uskayaw.
  9043 | D:7      | Found a transporter.
  9075 | D:7      | Found a transporter.
  9150 | D:7      | Reached skill level 1 in Invocations
  9310 | D:8      | Reached * piety under Sif Muna
  9471 | D:8      | Learned a level 5 spell: Fireball
  9726 | D:8      | Reached skill level 6 in Fire Magic
 10251 | D:8      | Reached XP level 10. HP: 63/71 MP: 14/19
 10856 | D:9      | Reached ** piety under Sif Muna
 11176 | D:9      | Reached skill level 7 in Fire Magic
 11645 | D:9      | Found a staircase to the Orcish Mines.
 11865 | D:9      | Found a runed translucent gate.
 11865 | D:9      | Found a runed translucent gate.
 11865 | D:9      | Noticed Thantalas's ghost (novice MiFi)
 11865 | D:9      | Noticed an 11-headed hydra
 11870 | D:9      | Found a runed translucent gate.
 11897 | D:9      | Found a burning altar of Makhleb.
 11897 | D:9      | Noticed a cacodemon
 12231 | D:9      | Reached skill level 8 in Fire Magic
 12609 | D:9      | Noticed Jessica
 12611 | D:9      | Killed Jessica
 12619 | D:9      | Found a shimmering blue altar of Sif Muna.
 12721 | D:10     | Entered Level 10 of the Dungeon
 12772 | D:10     | Found a shadowy altar of Dithmenos.
 12888 | D:10     | Found Nurant's Assorted Antiques.
 12895 | D:10     | Bought a scroll labeled TIAL HON ILY for 28 gold pieces
 12895 | D:10     | Bought a scroll labeled TIAL HON ILY for 28 gold pieces
 12895 | D:10     | Bought a pair of runed boots for 210 gold pieces
 12964 | D:10     | Found Laleilif's Armour Shoppe.
 13036 | D:10     | Found a flagged portal.
 13147 | Bailey   | Entered a bailey
 13348 | Bailey   | Reached skill level 9 in Fire Magic
 13534 | Bailey   | Noticed an orc knight
 13640 | Bailey   | Killed an orc knight
 14163 | D:10     | Noticed a two-headed ogre
 14175 | D:10     | Killed a two-headed ogre
 14175 | D:10     | Reached skill level 10 in Fire Magic
 14175 | D:10     | Reached XP level 11. HP: 75/77 MP: 7/23
 14203 | D:10     | Reached *** piety under Sif Muna
 14647 | D:10     | Noticed a deep elf mage
 14656 | D:10     | Found Eczeohu Siva's Weapon Shoppe.
 14660 | D:10     | Killed a deep elf mage
 14872 | D:10     | Found Emegg's Magic Scroll Boutique.
 14873 | D:10     | Found Oqeiv's Weapon Shop.
 15138 | D:10     | Found a staircase to the Lair.
 15171 | D:10     | Reached skill level 5 in Fighting
 15273 | D:11     | Noticed a cyan ugly thing
 15477 | D:11     | Noticed a two-headed ogre
 15496 | D:10     | Mangled by a two-headed ogre

Levels and vault maps discovered:
D:1:      minmay_arrival_plants_in_alcoves, layout_basic
D:2:      layout_basic, lemuel_crystal_altar, st_stairs_14
D:3:      layout_loops_cross, gammafunk_temple_overflow_wave, first_ration
D:4:      layout_rooms
D:5:      minmay_inner_zag, layout_cave_pools, temple_green,
          gammafunk_ghost_nasty_kobolds, dk_vineyard_3, uniq_eustachio,
          uniq_sigmund
D:6:      layout_cave_pools, marbit_many_paths, kennysheep_mini_moat,
          okawaru_gym_becter
D:7:      layout_cave_pools, lemuel_coloured_pillars_altar,
          gammafunk_ghost_stat_death, nicolae_gozag_zags_fifth_avenue,
          uniq_duvessa
D:8:      layout_gridville
D:9:      layout_loops_corners, makhleb_altar_promises_db, orc_david_3,
          gammafunk_ghost_hydra_chop, tgw_sif
D:10:     layout_basic, david_lair_shrubbed, serial_shops,
          nicolae_shop_behind_doors, kennysheep_little_box,
          nicolae_shop_crystal, nicolae_shop_crystal, nicolae_shop_waterfront,
          enter_bailey_3, hangedman_stone_soup, corexii_checkpoint_a,
          grunt_decor_cap, nicolae_dithmenos_shadow_blocks
D:11:     layout_grid_maze, hangedman_decor_opposing
Temple:   eino_temple_water

Skill      XL: |  1  2  3  4  5  6  7  8  9 10 11 |
---------------+----------------------------------+-----
Stealth        | 2 |  2.0
Conjurations   | 2 3 4 6 7 8 |  8.0
Dodging        | 3 |  3.0
Spellcasting   | 3 4 5 6 8 |  8.6
Fire Magic     | 4 5 6 10 | 10.4
Evocations     | 2 6 |  6.0
Armour         | 4 5 |  5.0
Fighting       | 3 4 5 |  5.1
Invocations    | 2 4 |  4.0

Action                   |  1- 3 |  4- 6 |  7- 9 | 10-12 || total
-------------------------+-------+-------+-------+-------++-------
Melee: Club              |     5 |       |       |       ||     5
       Unarmed           |     3 |       |       |       ||     3
       Dagger            |     9 |    14 |    58 |    59 ||   140
       Hunting sling     |       |       |       |     1 ||     1
 Fire: Hunting sling     |       |    54 |   164 |   115 ||   333
Throw: Stone             |    45 |    11 |     4 |       ||    60
       Boomerang         |       |       |     1 |    34 ||    35
 Cast: Flame Tongue      |    50 |    69 |    50 |    83 ||   252
       Sticky Flame      |       |     9 |    47 |    61 ||   117
       Conjure Flame     |       |       |     8 |     3 ||    11
       Fireball          |       |       |       |     1 ||     1
 Abil: Hop               |       |     1 |     2 |     1 ||     4
Evoke: Wand              |       |     4 |     2 |     2 ||     8
  Use: Scroll            |       |     7 |     8 |     9 ||    24
       Potion            |       |     4 |     1 |     1 ||     6
  Eat: Chunk             |     3 |    10 |    19 |    16 ||    48
       Ration            |     1 |       |     2 |     2 ||     5
Armor: Robe              |    10 |     9 |     6 |       ||    25
       Leather armour    |       |       |    33 |    60 ||    93
Dodge: Dodged            |    34 |    58 |   107 |   127 ||   326

Table legend:
 A = Non-vault XP
 B = Vault XP
 C = Vault XP percentage of total XP
 D = Non-vault monster count
 E = Vault monster count
 F = Vault count percentage of total count
                 A         B        C        D         E       F
            +---------+---------+-------+---------+---------+-------
      Total |    7926 |    4231 |  34.8 |     185 |      54 |  22.6
            +---------+---------+-------+---------+---------+-------
        D:1 |      35 |       0 |   0.0 |      23 |       0 |   0.0
        D:2 |      31 |       0 |   0.0 |       4 |       0 |   0.0
        D:3 |     198 |       0 |   0.0 |      27 |       0 |   0.0
        D:4 |     344 |       0 |   0.0 |      18 |       0 |   0.0
        D:5 |     961 |     444 |  31.6 |      19 |       6 |  24.0
        D:6 |    1071 |      32 |   2.9 |      15 |       1 |   6.2
        D:7 |     319 |     228 |  41.7 |       9 |       2 |  18.2
        D:8 |    1301 |       0 |   0.0 |      30 |       0 |   0.0
        D:9 |    1259 |     314 |  20.0 |      20 |       7 |  25.9
       D:10 |    2360 |    1616 |  40.6 |      18 |      11 |  37.9
       D:11 |      47 |       0 |   0.0 |       2 |       0 |   0.0
     Bailey |       0 |    1597 | 100.0 |       0 |      27 | 100.0
            +---------+---------+-------+---------+---------+-------
